[Event "FIDE WCCC Open-08 2024"]
[Site "Montesilvano"]
[Date "2024.11.19"]
[Round "5.19"]
[White "Mankovich, Yoav"]
[Black "Mohamed Fouad, Yahia"]
[Result "1-0"]
[ECO "B12"]
[WhiteElo "1490"]
[BlackElo "1705"]
[Annotator "NA RC"]
[PlyCount "103"]
[EventDate "2024.11.18"]
[EventType "swiss"]
[EventCountry "ITA"]
[SourceTitle "playchess.com"]
[Source "ChessBase"]
[SourceQuality "1"]
[TimeControl "5400+30"]

1. e4 c6 2. d4 d5 3. e5 c5 4. dxc5 Nc6 5. a3 Nxe5 6. b4 g6 7. Bb5+ Bd7 8. Qxd5 Bxb5 9. Qxe5 Nf6 10. Nc3 Bc6 11. Nf3 Bg7 12. Bb2 O-O 13. Rd1 Qc8 14. O-O Ne4 15. Nd5 Bxe5 16. Nxe7+ Kg7 17. Bxe5+ f6 18. Nxc8 Raxc8 19. Bb2 Rcd8 20. Rd3 Bb5 21. Rxd8 Rxd8 22. Re1 Bc6 23. Nd4 Re8 24. Nxc6 bxc6 25. f3 Nd6 26. Rxe8 Nxe8 27. Kf2 Kf7 28. Ke3 Ke6 29. Kd4 Nc7 30. c4 Kf5 31. Bc1 a6 32. g4+ Ke6 33. Bf4 Ne8 34. a4 g5 35. Bg3 f5 36. gxf5+ Kxf5 37. b5 cxb5 38. cxb5 axb5 39. axb5 Nf6 40. b6 Nd7 41. b7 g4 42. fxg4+ Kxg4 43. b8=Q Nxb8 44. Bxb8 Kf5 45. Kd5 Kf6 46. Kd6 Kf7 47. c6 Ke8 48. c7 Kf7 49. c8=Q h5 50. Qe6+ Kg7 51. Ke7 Kh8 52. Be5+ 1-0

[Event "FIDE WCCC Open-08 2024"]
[Site "Montesilvano"]
[Date "2024.11.19"]
[Round "5.21"]
[White "Bisetto, Alessandro Federico"]
[Black "Stankowski, Wiktor"]
[Result "0-1"]
[ECO "B90"]
[WhiteElo "1671"]
[BlackElo "1617"]
[Annotator "NA RC"]
[PlyCount "93"]
[EventDate "2024.11.18"]
[EventType "swiss"]
[EventCountry "ITA"]
[SourceTitle "playchess.com"]
[Source "ChessBase"]
[SourceQuality "1"]
[TimeControl "5400+30"]

1. e4 c5 2. Nf3 d6 3. d4 cxd4 4. Nxd4 Nf6 5. Nc3 a6 6. Be3 e5 7. Nf3 h6 8. Bc4 Be7 9. Nd5 Nxd5 10. Bxd5 O-O 11. h3 Nd7 12. Qd3 Nf6 13. Bb3 Bd7 14. O-O Rc8 15. Nd2 Bc6 16. f3 d5 17. Qe2 d4 18. Bf2 Bb5 19. Bc4 Bxc4 20. Nxc4 Qc7 21. b3 b5 22. Nb2 Qxc2 23. Qxc2 Rxc2 24. Nd3 Nd7 25. Bg3 f6 26. Rfc1 Rfc8 27. Rxc2 Rxc2 28. Rc1 Rxc1+ 29. Nxc1 Kf7 30. Kf2 Ke6 31. Nd3 g5 32. b4 Nb6 33. Nc5+ Bxc5 34. bxc5 Na4 35. c6 Kd6 36. h4 Kxc6 37. Ke1 Nc3 38. Bf2 Nxa2 39. Kd2 a5 40. g3 a4 41. f4 g4 42. Be1 h5 43. Kc2 Nc3 44. Kd3 a3 45. Bxc3 dxc3 46. Kxc3 exf4 47. Kd4 0-1

[Event "FIDE WCCC Open-08 2024"]
[Site "Montesilvano"]
[Date "2024.11.19"]
[Round "5.22"]
[White "Zhanabayev, Arystan"]
[Black "Pham, Han Nam"]
[Result "0-1"]
[ECO "B22"]
[WhiteElo "1524"]
[BlackElo "1912"]
[Annotator "NA RC"]
[PlyCount "120"]
[EventDate "2024.11.18"]
[EventType "swiss"]
[EventCountry "ITA"]
[SourceTitle "playchess.com"]
[Source "ChessBase"]
[SourceQuality "1"]
[TimeControl "5400+30"]

1. e4 c5 2. c3 Nf6 3. e5 Nd5 4. Nf3 Nc6 5. Bc4 Nb6 6. Bb3 d6 7. exd6 Qxd6 8. h3 Be6 9. Bc2 g6 10. Na3 Bg7 11. b3 O-O 12. Bb2 Rfd8 13. Nb5 Qd7 14. d4 cxd4 15. Nbxd4 Rac8 16. O-O Nxd4 17. Nxd4 Nd5 18. c4 Nf4 19. Nxe6 Qxe6 20. Qb1 Bxb2 21. Qxb2 Qc6 22. f3 Rd2 23. Qe5 Ne2+ 24. Kh2 Rxc2 25. Qxe7 Re8 26. Qh4 Qc7+ 27. f4 Re4 28. Rae1 Rxf4 29. Rxf4 Qxf4+ 30. Qxf4 Nxf4 31. Re7 Rxg2+ 32. Kh1 Rxa2 33. Rxb7 Nxh3 34. c5 Ng5 35. Kg1 Rc2 36. b4 a5 37. bxa5 Rxc5 38. a6 Ra5 39. a7 Kg7 40. Rb5 Ra1+ 41. Kg2 Ne6 42. Rb7 Nd4 43. Kf2 Nc6 44. Rb1 Rxa7 45. Kg3 Ra4 46. Rc1 Nd4 47. Re1 Nf5+ 48. Kf2 h5 49. Rh1 h4 50. Rh3 Ra2+ 51. Kg1 g5 52. Rf3 Ng3 53. Rb3 Ra1+ 54. Kg2 f5 55. Rb7+ Kh6 56. Rb6+ Kh5 57. Rb5 Kg4 58. Rb4+ f4 59. Rb5 h3+ 60. Kf2 Rf1# 0-1

[Event "FIDE WCCC Open-08 2024"]
[Site "Montesilvano"]
[Date "2024.11.19"]
[Round "5.23"]
[White "Dzelnik, Robert"]
[Black "Tokmachov, Daniel"]
[Result "1-0"]
[ECO "B12"]
[WhiteElo "1822"]
[BlackElo "1565"]
[Annotator "NA RC"]
[PlyCount "95"]
[EventDate "2024.11.18"]
[EventType "swiss"]
[EventCountry "ITA"]
[SourceTitle "playchess.com"]
[Source "ChessBase"]
[SourceQuality "1"]
[TimeControl "5400+30"]

1. e4 c6 2. d4 d5 3. e5 Bf5 4. h4 h6 5. Bd3 Bxd3 6. cxd3 e6 7. a3 Nd7 8. Nf3 Rc8 9. g4 c5 10. dxc5 Nxc5 11. b4 Nd7 12. d4 Qc7 13. O-O h5 14. Ng5 hxg4 15. Qxg4 Nh6 16. Qf3 Be7 17. Be3 Bxg5 18. Bxg5 Nb6 19. Rc1 Nc4 20. Nc3 Qd7 21. Ne2 Nf5 22. h5 g6 23. h6 Nxh6 24. Qh3 f5 25. exf6 Rc6 26. Bxh6 Qh7 27. f7+ Qxf7 28. Qg3 Rxh6 29. Qb8+ Ke7 30. Qxb7+ Kf8 31. Qxc6 Qf3 32. Ng3 Rh3 33. Qc8+ Ke7 34. Qc7+ Kf6 35. Qd8+ Kf7 36. Qg5 e5 37. dxe5 Ke8 38. Qxg6+ Kd8 39. Qf6+ Qxf6 40. exf6 Ke8 41. Rd1 a5 42. Rxd5 axb4 43. axb4 Na3 44. Rxa3 Kf8 45. Ra7 Ke8 46. Rb5 Rh1+ 47. Nxh1 Kd8 48. Rb8# 1-0

[Event "FIDE WCCC Open-08 2024"]
[Site "Montesilvano"]
[Date "2024.11.19"]
[Round "5.24"]
[White "Le, Khai"]
[Black "Wang, Yihan(Ah)"]
[Result "0-1"]
[ECO "D52"]
[WhiteElo "1808"]
[BlackElo "1630"]
[Annotator "NA RC"]
[PlyCount "104"]
[EventDate "2024.11.18"]
[EventType "swiss"]
[EventCountry "ITA"]
[SourceTitle "playchess.com"]
[Source "ChessBase"]
[SourceQuality "1"]
[TimeControl "5400+30"]

1. d4 d5 2. c4 e6 3. Nf3 Nf6 4. Nc3 c6 5. Bg5 Nbd7 6. e3 Qa5 7. Bd3 dxc4 8. Bc2 Bb4 9. Qd2 Nd5 10. O-O Nxc3 11. a3 Nd5 12. axb4 Qxb4 13. Qc1 h6 14. Bh4 O-O 15. Ra4 Qb5 16. Rxc4 Kh8 17. Bd3 Qb3 18. Bb1 N7b6 19. Nd2 Qb5 20. Rc5 Qa6 21. Rd1 Bd7 22. Nb3 Nc8 23. Bd3 Qb6 24. Nd2 Nd6 25. Bb1 Rfe8 26. Bg3 Nf5 27. Bxf5 exf5 28. Nc4 Qb4 29. Nd6 Rf8 30. Qc2 a5 31. Nxf5 Bxf5 32. Qxf5 Qxb2 33. Rb1 Qa2 34. Rcc1 a4 35. Rxb7 Qd2 36. Rbb1 Nc3 37. Ra1 Ne2+ 38. Kf1 Nxc1 39. Qf3 Qb2 40. Be5 Qxa1 41. Bxg7+ Kxg7 42. Qg3+ Kh7 43. Qg4 Qb1 44. e4 Qd3+ 45. Ke1 Qe2+ 46. Qxe2 Nxe2 47. Kxe2 a3 48. f4 a2 49. g4 a1=Q 50. h4 Rfb8 51. e5 Rb3 52. Kd2 Ra2# 0-1

[Event "FIDE WCCC Open-08 2024"]
[Site "Montesilvano"]
[Date "2024.11.19"]
[Round "5.25"]
[White "Kiss, Lorinc Istvan"]
[Black "Juzbasic, Marul"]
[Result "1-0"]
[ECO "C47"]
[WhiteElo "1501"]
[BlackElo "1726"]
[Annotator "NA RC"]
[PlyCount "91"]
[EventDate "2024.11.18"]
[EventType "swiss"]
[EventCountry "ITA"]
[SourceTitle "playchess.com"]
[Source "ChessBase"]
[SourceQuality "1"]
[TimeControl "5400+30"]

1. e4 e5 2. Nf3 Nf6 3. Nc3 Nc6 4. d3 Bc5 5. Be3 Bb6 6. h3 d5 7. Bg5 d4 8. Nd5 Ba5+ 9. c3 dxc3 10. bxc3 Be6 11. Nxf6+ gxf6 12. Bd2 Qd6 13. Be2 O-O-O 14. O-O Rhg8 15. Kh1 Qd7 16. Rg1 Bb6 17. Be3 Bxe3 18. fxe3 Rg7 19. Qc2 Rg6 20. d4 Bxh3 21. gxh3 Qxh3+ 22. Nh2 Rh6 23. Bg4+ Kb8 24. Bxh3 Rxh3 25. Qf2 Rh6 26. Rg7 exd4 27. exd4 a6 28. Rxf7 Rd6 29. Rf8+ Nd8 30. e5 fxe5 31. dxe5 Rd7 32. Rb1 Re6 33. Qg2 c6 34. Qg4 Kc7 35. Rxd8 Rxd8 36. Qxe6 Rd7 37. Rxb7+ Kxb7 38. Qxd7+ Kb6 39. a4 a5 40. Qd8+ Kb7 41. e6 h5 42. e7 h4 43. e8=R h3 44. Re7+ Ka6 45. Qa8+ Kb6 46. Qa7# 1-0

[Event "FIDE WCCC Open-08 2024"]
[Site "Montesilvano"]
[Date "2024.11.19"]
[Round "5.26"]
[White "Vo, Daniel"]
[Black "Xin, Andrew M."]
[Result "1-0"]
[ECO "C11"]
[WhiteElo "1711"]
[BlackElo "1546"]
[Annotator "NA RC"]
[PlyCount "81"]
[EventDate "2024.11.18"]
[EventType "swiss"]
[EventCountry "ITA"]
[SourceTitle "playchess.com"]
[Source "ChessBase"]
[SourceQuality "1"]
[TimeControl "5400+30"]

1. e4 e6 2. Nf3 d5 3. Nc3 Nf6 4. e5 Nfd7 5. d4 c5 6. dxc5 Nc6 7. Bf4 Bxc5 8. Bd3 Qc7 9. Qe2 Bb4 10. O-O O-O 11. Bxh7+ Kxh7 12. Ng5+ Kg6 13. Qd3+ f5 14. Qg3 Qb8 15. h4 Rh8 16. h5+ Rxh5 17. Nxe6+ Kf7 18. Qxg7+ Ke8 19. Qg8+ Nf8 20. Ng7+ Kd8 21. Nxh5 Be6 22. Qg5+ Be7 23. Qg3 Bb4 24. Nxd5 Nd4 25. Qh4+ Ke8 26. Nxb4 Ne2+ 27. Kh1 Qc7 28. Nf6+ Kd8 29. Nfd5+ Kc8 30. Nxc7 Kxc7 31. Qe7+ Kc8 32. Qxf8+ Kc7 33. Qxa8 Nxf4 34. Qxa7 Nh5 35. Qc5+ Kd8 36. Qd6+ Kc8 37. Qxe6+ Kd8 38. Rad1+ Kc7 39. Nd5+ Kd8 40. Qe7+ Kc8 41. Qe8# 1-0

[Event "FIDE WCCC Open-08 2024"]
[Site "Montesilvano"]
[Date "2024.11.19"]
[Round "5.27"]
[White "Meiyazhagan, Kaviinayan"]
[Black "Agar, Garig"]
[Result "1-0"]
[ECO "C55"]
[WhiteElo "1707"]
[BlackElo "1534"]
[Annotator "NA RC"]
[PlyCount "83"]
[EventDate "2024.11.18"]
[EventType "swiss"]
[EventCountry "ITA"]
[SourceTitle "playchess.com"]
[Source "ChessBase"]
[SourceQuality "1"]
[TimeControl "5400+30"]

1. e4 e5 2. Nf3 Nc6 3. Bc4 Nf6 4. d3 Be7 5. O-O O-O 6. Nc3 d6 7. h3 Be6 8. Bb3 Bxb3 9. axb3 a6 10. d4 Re8 11. Bg5 h6 12. Bh4 g5 13. Bg3 Bf8 14. d5 Ne7 15. Qd2 Ng6 16. Rfe1 Nh5 17. Nd1 Nhf4 18. Ne3 Qf6 19. Nf5 Bg7 20. Bxf4 Nxf4 21. Kh2 Bf8 22. g3 Ng6 23. Qb4 Ne7 24. g4 b5 25. c4 bxc4 26. Qxc4 Nxf5 27. gxf5 Qe7 28. Rxa6 Rxa6 29. Qxa6 Rb8 30. Nd2 Rb6 31. Qc4 Qd8 32. Rc1 Rb7 33. Qc3 Qb8 34. f6 Qd8 35. Qf3 Kh8 36. Rg1 Qd7 37. h4 Kh7 38. hxg5 hxg5 39. Qh5+ Bh6 40. Rxg5 Qe8 41. Rg7+ Kh8 42. Qxh6# 1-0

[Event "FIDE WCCC Open-08 2024"]
[Site "Montesilvano"]
[Date "2024.11.19"]
[Round "5.28"]
[White "Arsenijevic, Matija"]
[Black "Nguyen Thanh San"]
[Result "0-1"]
[ECO "E20"]
[WhiteElo "1700"]
[BlackElo "1493"]
[Annotator "NA RC"]
[PlyCount "58"]
[EventDate "2024.11.18"]
[EventType "swiss"]
[EventCountry "ITA"]
[SourceTitle "playchess.com"]
[Source "ChessBase"]
[SourceQuality "1"]
[TimeControl "5400+30"]

1. d4 Nf6 2. c4 e6 3. Nc3 Bb4 4. Bd2 O-O 5. a3 Bxc3 6. Bxc3 d5 7. e3 b6 8. cxd5 Nxd5 9. Bd3 Nxc3 10. bxc3 Bb7 11. Nf3 Nd7 12. O-O c5 13. Rc1 Rc8 14. Qe2 Qf6 15. e4 Rc7 16. Qe3 h6 17. e5 Qe7 18. Be4 Rfc8 19. Bxb7 Rxb7 20. Qe4 Rbc7 21. d5 exd5 22. Qxd5 Nf8 23. Rcd1 Rd7 24. Qe4 Rcd8 25. Qe2 Ne6 26. Rd2 Rxd2 27. Nxd2 Nf4 28. Qe3 Qg5 29. Ne4 Qxg2# 0-1

[Event "FIDE WCCC Open-08 2024"]
[Site "Montesilvano"]
[Date "2024.11.19"]
[Round "5.29"]
[White "Le Doan, Minh Thuc"]
[Black "Lau, Great Boyou"]
[Result "0-1"]
[ECO "B33"]
[WhiteElo "1677"]
[BlackElo "1514"]
[Annotator "NA RC"]
[PlyCount "66"]
[EventDate "2024.11.18"]
[EventType "swiss"]
[EventCountry "ITA"]
[SourceTitle "playchess.com"]
[Source "ChessBase"]
[SourceQuality "1"]
[TimeControl "5400+30"]

1. e4 c5 2. Nf3 Nc6 3. d4 cxd4 4. Nxd4 Nf6 5. Nc3 e5 6. Nxc6 bxc6 7. Bc4 Bb4 8. O-O O-O 9. Re1 d5 10. exd5 cxd5 11. Bb3 d4 12. a3 Ba5 13. Rxe5 dxc3 14. Qxd8 Rxd8 15. Bg5 cxb2 16. Rb1 Bc3 17. Re7 Bf5 18. Kf1 Rab8 19. Ba4 Ne4 20. Rxe4 Bxe4 21. Bxd8 Rxd8 22. f3 Bf5 23. g4 Be6 24. Bb3 Rd2 25. h3 Bxb3 26. cxb3 Rc2 27. Rd1 Rc1 28. Ke2 Rxd1 29. Kxd1 b1=Q+ 30. Ke2 Qc2+ 31. Ke3 Qd2+ 32. Ke4 Qd4+ 33. Kf5 Qe5# 0-1

[Event "FIDE WCCC Open-08 2024"]
[Site "Montesilvano"]
[Date "2024.11.19"]
[Round "5.30"]
[White "Morozevich, Kirill Aleks"]
[Black "Huzela, Lukyan"]
[Result "1-0"]
[ECO "E14"]
[WhiteElo "1484"]
[BlackElo "1651"]
[Annotator "NA RC"]
[PlyCount "141"]
[EventDate "2024.11.18"]
[EventType "swiss"]
[EventCountry "ITA"]
[SourceTitle "playchess.com"]
[Source "ChessBase"]
[SourceQuality "1"]
[TimeControl "5400+30"]

1. d4 Nf6 2. c4 e6 3. Nf3 Bb4+ 4. Nbd2 O-O 5. e3 d5 6. a3 Be7 7. Bd3 b6 8. O-O Bb7 9. b3 Nbd7 10. Bb2 Rc8 11. Re1 Ne4 12. Rc1 f6 13. b4 f5 14. c5 c6 15. Nf1 Rf6 16. N3d2 Rg6 17. f3 Ng5 18. Kh1 Nf6 19. e4 dxe4 20. fxe4 Ng4 21. Qe2 Nxe4 22. Nxe4 fxe4 23. Bxe4 Rg5 24. Bf3 Nf6 25. Qxe6+ Kf8 26. Nd2 Rg6 27. Nc4 Ne8 28. Qe2 Ba6 29. Be4 Rf6 30. Bd3 h6 31. d5 cxd5 32. Bxf6 Nxf6 33. Ne5 Bxd3 34. Qxd3 Ne4 35. Rf1+ Bf6 36. Ng4 Kf7 37. Nxf6 Nxf6 38. cxb6 axb6 39. Rxc8 Qxc8 40. Qxd5+ Qe6 41. Qxe6+ Kxe6 42. a4 Nd5 43. Rb1 Nc3 44. Ra1 Nd5 45. a5 bxa5 46. bxa5 Nc7 47. a6 Kd7 48. a7 Na8 49. Rb1 Kc7 50. Rb8 Nb6 51. a8=Q Nxa8 52. Rxa8 Kd6 53. Rg8 Ke6 54. Rxg7 Kf6 55. Ra7 Kg5 56. Ra6 h5 57. Kg1 Kf5 58. Kf2 Ke5 59. Ra5+ Kf6 60. Rxh5 Kg6 61. g4 Kf6 62. Kf3 Ke6 63. Ke4 Kd6 64. g5 Ke6 65. Rh6+ Kf7 66. Kf5 Kg7 67. Ra6 Kf7 68. Ra7+ Kg8 69. Kf6 Kh8 70. g6 Kg8 71. Ra8# 1-0

[Event "FIDE WCCC Open-08 2024"]
[Site "Montesilvano"]
[Date "2024.11.19"]
[Round "5.31"]
[White "Ranganathan, Aadith"]
[Black "Saathvik Chakravarthy Ramayana"]
[Result "1-0"]
[ECO "B33"]
[WhiteElo "1645"]
[BlackElo "1466"]
[Annotator "NA RC"]
[PlyCount "99"]
[EventDate "2024.11.18"]
[EventType "swiss"]
[EventCountry "ITA"]
[SourceTitle "playchess.com"]
[Source "ChessBase"]
[SourceQuality "1"]
[TimeControl "5400+30"]

1. e4 c5 2. Nf3 Nc6 3. d4 cxd4 4. Nxd4 Nf6 5. Nc3 e5 6. Ndb5 d6 7. Nd5 Nxd5 8. exd5 Ne7 9. c4 Ng6 10. Bd3 a6 11. Nc3 Be7 12. O-O O-O 13. Bxg6 fxg6 14. f4 Qb6+ 15. Kh1 exf4 16. Qe2 Bg5 17. Ne4 Qd8 18. Nxg5 Qxg5 19. Bxf4 Bg4 20. Qe3 Qf6 21. Qd2 Rae8 22. Rf2 Re2 23. Rxe2 Bxe2 24. Qxe2 Qxf4 25. Re1 Qf2 26. h3 Qg3 27. Qe6+ Kh8 28. c5 h5 29. cxd6 Rf2 30. Rg1 Rf8 31. d7 Qg5 32. Re1 Rd8 33. d6 Kh7 34. Qf7 Qf5 35. Qxf5 gxf5 36. Re7 Kg6 37. Kg1 Kf6 38. Kf2 g5 39. Ke3 f4+ 40. Ke4 h4 41. a3 a5 42. a4 b6 43. b3 Kg6 44. Ke5 Kh6 45. Kf5 Rf8+ 46. Kg4 Rd8 47. Re6+ Kh7 48. Kxg5 Rxd7 49. Re7+ Rxe7 50. dxe7 1-0

[Event "FIDE WCCC Open-08 2024"]
[Site "Montesilvano"]
[Date "2024.11.19"]
[Round "5.32"]
[White "Sivan, Leeor"]
[Black "Cherem, Yoseph"]
[Result "1-0"]
[ECO "B11"]
[WhiteElo "1464"]
[BlackElo "1634"]
[Annotator "NA RC"]
[PlyCount "95"]
[EventDate "2024.11.18"]
[EventType "swiss"]
[EventCountry "ITA"]
[SourceTitle "playchess.com"]
[Source "ChessBase"]
[SourceQuality "1"]
[TimeControl "5400+30"]

1. e4 c6 2. Nf3 d5 3. Nc3 dxe4 4. Nxe4 Nf6 5. Qe2 Nxe4 6. Qxe4 Nd7 7. Bc4 Nf6 8. Ne5 e6 9. Qe2 Bd6 10. O-O O-O 11. b3 Qc7 12. Bb2 a5 13. a4 Nd7 14. Nxf7 Rxf7 15. Bxe6 Be5 16. Bxf7+ Kxf7 17. Rfe1 Bxh2+ 18. Kh1 Nf6 19. g3 Bxg3 20. fxg3 Bf5 21. Qc4+ Kg6 22. d3 Ng4 23. Kg2 h5 24. Be5 Nxe5 25. Qf4 Re8 26. d4 Bxc2 27. dxe5 Kh7 28. Rh1 Bg6 29. Rae1 Qd7 30. g4 Qd5+ 31. Qf3 Qd2+ 32. Re2 Qg5 33. Qg3 Kh6 34. Rh3 Bf7 35. e6 Bg6 36. gxh5 Qxg3+ 37. Rxg3 Bxh5 38. Re5 b6 39. Rd3 b5 40. Rd6 bxa4 41. bxa4 Rf8 42. e7+ Rf6 43. Rxh5+ Kxh5 44. e8=Q+ Kg5 45. Qe5+ Rf5 46. Qg3+ Kh5 47. Rg6 Rf2+ 48. Kxf2 1-0

[Event "FIDE WCCC Open-08 2024"]
[Site "Montesilvano"]
[Date "2024.11.19"]
[Round "5.33"]
[White "Kortmann, Pedro Reck"]
[Black "Reclik, Jakub"]
[Result "1-0"]
[ECO "C54"]
[WhiteElo "1630"]
[BlackElo "1458"]
[Annotator "NA RC"]
[PlyCount "53"]
[EventDate "2024.11.18"]
[EventType "swiss"]
[EventCountry "ITA"]
[SourceTitle "playchess.com"]
[Source "ChessBase"]
[SourceQuality "1"]
[TimeControl "5400+30"]

1. e4 e5 2. Nf3 Nc6 3. d4 exd4 4. Bc4 Bc5 5. c3 Nf6 6. cxd4 Bb4+ 7. Nc3 Nxe4 8. O-O Bxc3 9. bxc3 d5 10. Bb5 Bd7 11. Qb3 O-O 12. Bd3 Nf6 13. Bg5 Na5 14. Qc2 h6 15. Bh4 Bg4 16. Ne5 Be6 17. Rfe1 b6 18. Re3 c5 19. Rg3 c4 20. Bf5 Rc8 21. Bxe6 fxe6 22. Qg6 Rc7 23. Ng4 Qe7 24. Nxf6+ Rxf6 25. Bxf6 Qf7 26. Qxh6 Rd7 27. Rxg7+ 1-0

[Event "FIDE WCCC Open-08 2024"]
[Site "Montesilvano"]
[Date "2024.11.19"]
[Round "5.34"]
[White "Nguyen Phuc Cao Danh"]
[Black "Vrsalovic Acuna. Stjepan Anton"]
[Result "1-0"]
[ECO "E32"]
[WhiteElo "1627"]
[BlackElo "1452"]
[Annotator "NA RC"]
[PlyCount "61"]
[EventDate "2024.11.18"]
[EventType "swiss"]
[EventCountry "ITA"]
[SourceTitle "playchess.com"]
[Source "ChessBase"]
[SourceQuality "1"]
[TimeControl "5400+30"]

1. d4 Nf6 2. c4 e6 3. Nc3 Bb4 4. Qc2 b6 5. e4 d5 6. Qa4+ Qd7 7. Qxb4 Nc6 8. Qa4 Nxd4 9. Qxd7+ Bxd7 10. Kd1 dxe4 11. Be3 c5 12. Rc1 Bc6 13. Ke1 O-O 14. Nge2 e5 15. Ng3 Rad8 16. Bg5 e3 17. fxe3 Ne6 18. Bxf6 gxf6 19. Nf5 Bb7 20. Ne7+ Kg7 21. Ned5 Rd6 22. Bd3 a6 23. b3 Rfd8 24. Bf5 Nf8 25. Ne4 Rc6 26. h4 b5 27. Rh3 h5 28. Rg3+ Ng6 29. Ne7 Rb6 30. Nxg6 fxg6 31. Rxg6+ 1-0

[Event "FIDE WCCC Open-08 2024"]
[Site "Montesilvano"]
[Date "2024.11.19"]
[Round "5.36"]
[White "Khantulga, Tuvshinbayar"]
[Black "Melkonyan, Mark"]
[Result "0-1"]
[ECO "C04"]
[WhiteElo "1611"]
[BlackElo "1445"]
[Annotator "NA RC"]
[PlyCount "81"]
[EventDate "2024.11.18"]
[EventType "swiss"]
[EventCountry "ITA"]
[SourceTitle "playchess.com"]
[Source "ChessBase"]
[SourceQuality "1"]
[TimeControl "5400+30"]

1. e4 e6 2. d4 d5 3. Nd2 Nc6 4. Ngf3 Nf6 5. e5 Nd7 6. Nb3 Be7 7. Bb5 O-O 8. h4 f6 9. c3 fxe5 10. Bxc6 bxc6 11. Na5 e4 12. Nxc6 Qe8 13. Nxe7+ Qxe7 14. Ng5 Qf6 15. Be3 Nb6 16. Qh5 Qg6 17. Qxg6 hxg6 18. O-O-O Nc4 19. h5 Nxe3 20. fxe3 Rf5 21. Nh3 Rxh5 22. Nf4 Rg5 23. Rh2 Bd7 24. Rdh1 Kf7 25. Rh8 Rxh8 26. Rxh8 Rg3 27. Kd2 g5 28. Ne2 Rxg2 29. Rb8 a6 30. Ke1 Bb5 31. Nc1 Rg1+ 32. Kd2 Rg2+ 33. Kd1 Rxb2 34. Rc8 c6 35. Rh8 g4 36. Rh1 g3 37. Rg1 g2 38. Ke1 Rc2 39. Kd1 Rf2 40. Ke1 Rf1+ 41. Kd2 0-1

[Event "FIDE WCCC Open-08 2024"]
[Site "Montesilvano"]
[Date "2024.11.19"]
[Round "5.37"]
[White "Movsisyan, Samvel"]
[Black "Shroff, Dhairya Amit"]
[Result "1-0"]
[ECO "B07"]
[WhiteElo "1604"]
[BlackElo "1444"]
[Annotator "NA RC"]
[PlyCount "78"]
[EventDate "2024.11.18"]
[EventType "swiss"]
[EventCountry "ITA"]
[SourceTitle "playchess.com"]
[Source "ChessBase"]
[SourceQuality "1"]
[TimeControl "5400+30"]

1. d4 Nf6 2. Nc3 g6 3. e4 d6 4. Be2 Bg7 5. g4 Nfd7 6. g5 c5 7. d5 Nb6 8. a4 a5 9. h4 e6 10. dxe6 Bxe6 11. Nb5 d5 12. Bf4 Na6 13. Nd6+ Ke7 14. Nxb7 Qc8 15. Bxa6 Rxa6 16. Nd6 Qc6 17. Qe2 Raa8 18. Nf3 dxe4 19. Ne5 Bxe5 20. Bxe5 Rhd8 21. Nxe4 Kf8 22. h5 Bc4 23. Qe3 Nd5 24. Qxc5+ Qxc5 25. Nxc5 Nb4 26. Rc1 Rac8 27. Nb7 Re8 28. f4 Bd5 29. hxg6 Bxh1 30. gxh7 Rxe5+ 31. fxe5 Kg7 32. Nd6 Rc7 33. Ne8+ Kxh7 34. Nxc7 Kg6 35. Kd2 Be4 36. e6 fxe6 37. Nxe6 Kf5 38. Nc5 Bd5 39. Rg1 Ke5 1-0

[Event "FIDE WCCC Open-08 2024"]
[Site "Montesilvano"]
[Date "2024.11.19"]
[Round "5.39"]
[White "Muratshin, Ramazan"]
[Black "Ameen Akbar T A"]
[Result "1-0"]
[ECO "B40"]
[WhiteElo "1597"]
[BlackElo "1579"]
[Annotator "NA RC"]
[PlyCount "83"]
[EventDate "2024.11.18"]
[EventType "swiss"]
[EventCountry "ITA"]
[SourceTitle "playchess.com"]
[Source "ChessBase"]
[SourceQuality "1"]
[TimeControl "5400+30"]

1. e4 c5 2. Nf3 e6 3. d4 cxd4 4. Nxd4 Nf6 5. Bd3 Bc5 6. Nb3 Bb6 7. O-O Nc6 8. Bg5 d6 9. Kh1 Bd7 10. Nc3 h6 11. Bh4 g5 12. Bg3 e5 13. Nb5 Be6 14. c4 a6 15. Nc3 h5 16. h3 h4 17. Bh2 g4 18. hxg4 Nxg4 19. Qe2 Qg5 20. Nd5 Bxd5 21. exd5 Ne7 22. c5 Nxh2 23. Kxh2 Rg8 24. Qf3 Bc7 25. Rg1 dxc5 26. Kh1 O-O-O 27. Nxc5 Bd6 28. Ne4 Qg7 29. Nf6 Rh8 30. Bc4 Rh6 31. Ng4 Rg6 32. Ne3 Rh8 33. Nf5 Nxf5 34. Qxf5+ Kb8 35. Rac1 Rf6 36. Qd7 Bc5 37. Bxa6 Rxa6 38. Rxc5 e4 39. Rc7 Rb6 40. Rc3 Rxb2 41. Qc7+ Ka8 42. Ra3# 1-0

[Event "FIDE WCCC Open-08 2024"]
[Site "Montesilvano"]
[Date "2024.11.19"]
[Round "5.43"]
[White "Charyyev Charyhekim"]
[Black "Kim, Rian B"]
[Result "1-0"]
[ECO "D02"]
[WhiteElo "1589"]
[BlackElo "1452"]
[Annotator "NA RC"]
[PlyCount "71"]
[EventDate "2024.11.18"]
[EventType "swiss"]
[EventCountry "ITA"]
[SourceTitle "playchess.com"]
[Source "ChessBase"]
[SourceQuality "1"]
[TimeControl "5400+30"]

1. d4 d5 2. Bf4 e6 3. e3 Bd6 4. Bg3 Nf6 5. Nf3 c5 6. c3 O-O 7. Ne5 Bxe5 8. Bxe5 Nbd7 9. Bd6 Re8 10. Be5 b6 11. Bd3 Bb7 12. f4 Qe7 13. O-O Ne4 14. Bxe4 dxe4 15. f5 Qg5 16. Bf4 Qxf5 17. g4 Qg6 18. Nd2 Nf6 19. Rf2 cxd4 20. cxd4 Nd5 21. Nc4 Nxf4 22. Rxf4 f5 23. Nd6 Re7 24. Qb3 Bd5 25. Nxf5 Rd7 26. Qb5 Rad8 27. Ng3 Rc7 28. Qb4 Rdc8 29. Raf1 h6 30. Rf8+ Kh7 31. h3 Rc2 32. Nh5 R8c7 33. Qd6 R2c6 34. Qd8 Qg5 35. Rh8+ Kg6 36. Qe8+ 1-0

[Event "FIDE WCCC Open-08 2024"]
[Site "Montesilvano"]
[Date "2024.11.19"]
[Round "5.45"]
[White "Ok, Miro"]
[Black "Huang, Joshua Kai-En"]
[Result "1-0"]
[ECO "B24"]
[WhiteElo "1656"]
[BlackElo "1424"]
[Annotator "NA RC"]
[PlyCount "71"]
[EventDate "2024.11.18"]
[EventType "swiss"]
[EventCountry "ITA"]
[SourceTitle "playchess.com"]
[Source "ChessBase"]
[SourceQuality "1"]
[TimeControl "5400+30"]

1. e4 c5 2. Nc3 Nc6 3. g3 Nf6 4. f4 d6 5. Bg2 e5 6. d3 Bd7 7. Nge2 a6 8. a4 Nd4 9. O-O Be7 10. f5 Qc7 11. h3 O-O-O 12. Nxd4 exd4 13. Ne2 g6 14. c3 gxf5 15. cxd4 fxe4 16. Bg5 exd3 17. Qxd3 Ng8 18. Bxe7 Nxe7 19. Rac1 Rdf8 20. dxc5 dxc5 21. Qe3 Nc6 22. Rxc5 Qb6 23. Rxc6+ Qxc6 24. Bxc6 Bxc6 25. Rc1 Re8 26. Qf2 Kb8 27. Qb6 Bxa4 28. Rc7 Bc6 29. Rxc6 Re7 30. Rc2 Rhe8 31. Nd4 Re1+ 32. Kf2 R1e3 33. Nc6+ Kc8 34. Na5+ Kd7 35. Rc7+ Kd8 36. Qc5 1-0

[Event "FIDE WCCC Open-08 2024"]
[Site "Montesilvano"]
[Date "2024.11.19"]
[Round "5.48"]
[White "Glod, Peter"]
[Black "Ramirez Mejia, Jose Gregorio"]
[Result "1-0"]
[ECO "B21"]
[WhiteElo "1409"]
[BlackElo "1489"]
[Annotator "NA RC"]
[PlyCount "111"]
[EventDate "2024.11.18"]
[EventType "swiss"]
[EventCountry "ITA"]
[SourceTitle "playchess.com"]
[Source "ChessBase"]
[SourceQuality "1"]
[TimeControl "5400+30"]

1. e4 c5 2. d4 cxd4 3. c3 d3 4. Bxd3 d6 5. Be3 Nf6 6. Nd2 e6 7. Ngf3 Be7 8. O-O O-O 9. Re1 Bd7 10. e5 dxe5 11. Nxe5 Bd6 12. Nec4 Bc7 13. Qc2 b5 14. Na3 a6 15. Bg5 Bxh2+ 16. Kxh2 Ng4+ 17. Kg1 Qxg5 18. Bxh7+ Kh8 19. Nf3 Qh6 20. Be4 Nc6 21. Rad1 Nf6 22. Ne5 Nxe5 23. Bxa8 Nfg4 24. Bb7 Qh2+ 25. Kf1 a5 26. Ke2 b4 27. Rh1 Qxh1 28. Rxh1+ Nh6 29. cxb4 axb4 30. Qe4 f6 31. Qxb4 Rb8 32. Qe4 Rxb7 33. Qxb7 Bc6 34. Qc8+ Kh7 35. Qxe6 Bxg2 36. Rh2 Bf3+ 37. Kd2 Bg4 38. Rxh6+ Kxh6 39. Qa6 Nf3+ 40. Kc1 Nd4 41. Qc4 Ne2+ 42. Kd2 Bh5 43. Nc2 Ng1 44. b4 Nf3+ 45. Kc1 Ne5 46. Qf4+ Kh7 47. Qf5+ Bg6 48. Qh3+ Kg8 49. b5 Nc4 50. Qc8+ Kh7 51. Qxc4 Bxc2 52. Kxc2 Kh8 53. b6 Kh7 54. b7 Kh6 55. Qg4 Kh7 56. b8=Q 1-0